 Dungeon Crawl Stone Soup version 0.32-a0-871-ge202e49faa (webtiles) character file.

Game seed: 15374581425607412894

7585 Mesmaeker13 the Fighter (level 10, -1/83 HPs)
             Began as a Demonspawn Reaver on Mar 26, 2024.
             Was an Initiate of Dithmenos.
             Slain by an ancient zyme (2 damage)
             ... on level 2 of the Abyss on Mar 29, 2024.
             The game lasted 00:25:41 (10193 turns).

Mesmaeker13 the Fighter (Demonspawn Reaver)        Turns: 10193, Time: 00:25:42

Health: -1/83      AC: 16    Str: 12    XL:     10   Next: 97%
Magic:  13/13      EV: 10    Int: 17    God:    Dithmenos [......]
Gold:   524        SH:  0    Dex: 23    Spells: 5/13 levels left

rFire   . . .        I - +6 great sword
rCold   . . .        (shield currently unavailable)
rNeg    . . .        K - +4 ring mail
rPois   +            p - +0 helmet
rElec   .            (cloak unavailable)
rCorr   .            y - +0 pair of gloves
SInv    .            G - +1 pair of boots
Will    .....        n - amulet of the acrobat
Stlth   +            d - +6 ring of dexterity
HPRegen 0.00/turn    H - ring of poison resistance
MPRegen 0.13/turn

%: random rage (9%), acrobat
@: sick
A: demonic guardian 2, big brain 2, weakness stinger 3, [berserk 2], [persistent
drain]
a: Renounce Religion


You were on level 2 of the Abyss.
You worshipped Dithmenos.
Dithmenos was noncommittal.
You visited 2 branches of the dungeon, and saw 11 of its levels.
You visited the Abyss 1 time.

You collected 572 gold pieces.
You spent 48 gold pieces at shops.

Inventory:

Hand Weapons
 o - the +7 quarterstaff of Amorality {flame, rN+}
   (You found it on level 2 of the Dungeon)

   rN+:       It protects you from negative energy.
 B - a +0 orcbow
 I - a +6 great sword (weapon)
Missiles
 g - 10 boomerangs
 t - 14 poisoned darts (quivered)
 C - 3 throwing nets
Armour
 f - a +2 chain mail of cold resistance
 p - a +0 helmet (worn)
 y - a +0 pair of gloves (worn)
 F - +0 steam dragon scales
 G - a +1 pair of boots (worn)
 K - a +4 ring mail (worn)
Jewellery
 d - a +6 ring of dexterity (left hand)
 n - an amulet of the acrobat (around neck)
 H - a ring of poison resistance (right hand)
 L - a ring of fire
Wands
 a - a wand of digging (6)
 E - a wand of iceblast (12)
Scrolls
 b - a scroll of blinking
 e - 2 scrolls of immolation
 r - 3 scrolls of teleportation
 s - 2 scrolls of butterflies
 u - 2 scrolls of torment
 D - a scroll of vulnerability
 J - a scroll of enchant weapon
Potions
 c - a potion of ambrosia {unknown}
 h - 2 potions of degeneration {unknown}
 i - 2 potions of lignification
 j - 2 potions of invisibility {unknown}
 k - 2 potions of might {unknown}
 m - 2 potions of resistance {unknown}
 q - a potion of attraction {unknown}
 v - 5 potions of curing {unknown}
 w - 2 potions of magic {unknown}
 x - a potion of enlightenment {unknown}
 z - a potion of haste {unknown}
 A - 2 potions of brilliance {unknown}
 M - a potion of heal wounds {unknown}


   Skills:
 - Level 9.0 Fighting
 + Level 5.5 Long Blades
 + Level 8.9 Armour
 - Level 2.2 Dodging
 - Level 2.0 Spellcasting
 - Level 3.0 Conjurations
 + Level 6.3 Summonings
 - Level 5.2 Necromancy
 - Level 4.0 Evocations


You had 5 spell levels left.
You knew the following spells:

 Your Spells              Type           Power      Damage    Failure   Level
a - Kiss of Death         Conj/Necr      60%        2d10      7%          1
b - Martyr's Knell        Necr/Summ      21%        N/A       34%         4
c - Call Canine Familiar  Summ           23%        N/A       9%          3

Your spell library contained the following spells:

 Spells                   Type           Power      Damage    Failure   Level
 Summon Small Mammal      Summ           92%        N/A       2%          1
 Magic Dart               Conj           44%        1d5       11%         1
 Searing Ray              Conj           22%        2d5       16%         2
 Momentum Strike          Conj/Tloc      12%        3d8       30%         2
 Static Discharge         Conj/Air       12%        3-4/arc   30%         2
 Summon Ice Beast         Ice/Summ       12%        N/A       30%         3
 Jinxbite                 Hex            2%         N/A       50%         2
 Hailstorm                Conj/Ice       6%         3d5       52%         3
 Summon Blazeheart Golem  Fire/Summ      12%        N/A       69%         4
 Passwall                 Erth           1%         N/A       73%         3
 Teleport Other           Tloc           1%         N/A       73%         3
 Volatile Blastmotes      Fire/Tloc      2%         2d10      73%         3
 Brom's Barrelling Bould  Conj/Erth      6%         2d3       89%         4
 Fulminant Prism          Conj/Alch      3%         3d5       89%         4
 Iskenderun's Mystic Bla Conj/Tloc 6%             2d4        (+2d1     89%         4
 Summon Forest            Summ/Tloc      6%         N/A       95%         5
 Summon Mana Viper        Hex/Summ       12%        N/A       95%         5
 Iskenderun's Battlesphe  Conj           11%        2d7       96%         5
 Fireball                 Conj/Fire      3%         3d4       99%         5
 Yara's Violent Unravell  Hex/Alch       0%         3d3       100%        5
 Summon Cactus Giant      Summ           11%        N/A       99%         6
 Bombard                  Conj/Erth      3%         9d1       100%        6
 Conjure Ball Lightning   Conj/Air       3%         3x3d6     100%        6
 Dispersal                Tloc           0%         N/A       100%        6
 Eringya's Noxious Bog    Alch           0%         4d6       100%        6
 Enfeeble                 Hex            0%         N/A       100%        7
 Monstrous Menagerie      Summ           11%        N/A       100%        7
 Orb of Destruction       Conj           5%         9d5       100%        7
 Summon Hydra             Summ           11%        N/A       100%        7
 Chain Lightning          Conj/Air       3%         3d4       100%        9


Dungeon Overview and Level Annotations

Branches:
Dungeon (10/15)            Temple (1/1) D:6
   Lair: D:8-11         Orc: D:9-12

Altars:
Ashenzari
Cheibriados
Dithmenos
Fedhas
Gozag
Hepliaklqana
Kikubaaqudgha
Makhleb
Nemelex Xobeh
Qazlal
Ru
Sif Muna
Trog
Uskayaw
Vehumet
Wu Jian
Xom
Yredelemnul

Shops:
D:2 :   D:6 ?

Annotations:
D:3 2 transporters, Picsou's ghost, amateur MiFi
D:5 1 runed translucent door, Subbak's ghost, amateur DsDe
D:10 Sonja


Innate Abilities, Weirdness & Mutations

A demonic guardian rushes to your aid.
You have an extremely huge brain. (Int +4)
You have a sharp stinger which inflicts weakening toxins.
[You have an uncontrollable temper.]
[Your health recovers twice as slowly from being drained.]


Message History

You are knocked back by the lance of force.
You slam into the rock wall.
You feel ill.
Unknown command.
You hit the ancient zyme.
The ancient zyme is heavily damaged.
The wretched star glows turbulently.
The lance of force hits you!
You are knocked back by the lance of force.
You slam into the rock wall!
The ancient zyme hits you but does no damage. x2
You slash the ancient zyme!
The ancient zyme is almost destroyed.
The ancient zyme hits you but does no damage.
The ancient zyme closely misses you. x2
The ancient zyme hits you but does no damage.
Unknown command.
You hit the ancient zyme but do no damage.
The ancient zyme is almost destroyed.
The sixfirhy hits you but does no damage.
The sixfirhy barely misses you.
The ancient zyme hits you but does no damage.
The ancient zyme closely misses you.
You feel ill.
A wretched star comes into view.
The sixfirhy misses you.
You barely miss the ancient zyme.
The ancient zyme is almost destroyed.
The sixfirhy barely misses you.
A sixfirhy comes into view.
The sixfirhy hits you. The sixfirhy shocks you!
* * * LOW HITPOINT WARNING * * *
The sixfirhy barely misses you. The sixfirhy hits you!
* * * LOW HITPOINT WARNING * * *
A demonic guardian appears!
The sixfirhy shocks you!
* * * LOW HITPOINT WARNING * * *
The wretched star pulses with an eldritch light!
You feel a little pissed off.
You feel extremely angry at everything!
You begin to recover more slowly from draining effects.
Your ice devil twists and deforms.
The ancient zyme hits you.
You die...

.. .### ..≈
.* # #####.
.♣.~~
#.3..#....3.
#*...#
#x.#~≈#
#@3#*♣...
#4.#~♣ .##
#..#.# #
#..##. #..#
. #..# .
#..# #..#
#..#


You could see 2 wretched stars, an ancient zyme, 2 sixfirhies and a friendly ice
devil (summoned, misshapen).

Vanquished Creatures
  Harold (D:9)
  A two-headed ogre (D:9)
  An arcanist (D:9)
  Maurice (D:8)
  A gargoyle (D:10)
  Jeremiah (D:6)
  Grinder (D:4)
  Sigmund (D:2)
  A yak (D:7)
  2 steam dragons (D:9)
  Menkaure (D:5)
  A water moccasin (D:8)
  Duvessa (D:4)
  4 orc warriors
  An acid dragon (D:9)
  An ice beast (D:7)
  2 black bears
  3 centaurs
  3 phantoms
  3 bullfrogs
  2 gnoll sergeants
  6 scorpions
  8 wights
  6 killer bees
  Dowan (D:4)
  3 howler monkeys
  4 bombardier beetles
  A crimson imp (D:9)
  4 jellies
  2 orc priests
  A gnoll bouda (D:8)
  4 hounds
  A sleepcap (D:7)
  An iguana (D:4)
  8 orc wizards
  Robin (D:2)
  5 adders
  7 gnolls
  A white imp (D:5)
  An ufetubus (D:7)
  5 dart slugs
  A ribbon worm (D:3)
  29 orcs
  10 ball pythons
  2 bats
  8 endoplasms
  2 giant cockroaches
  11 goblins
  11 hobgoblins
  8 kobolds
  2 quokkas
  2 frilled lizards
  4 rats
193 creatures vanquished.

Vanquished Creatures (collateral kills)
  An ogre (D:4)
  A wight (D:7)
  2 ufetubi (D:6)
4 creatures vanquished.

Grand Total: 197 creatures vanquished

Notes
Turn   | Place    | Note
-------+----------+-------------------------------------------
     0 | D:1      | Mesmaeker13 the Demonspawn Reaver began the quest for the
                  | Orb.
     0 | D:1      | Reached XP level 1. HP: 16/16 MP: 3/3
   160 | D:1      | Gained mutation: You have a small tail. [demonic ancestry]
   160 | D:1      | Reached XP level 2. HP: 17/22 MP: 5/5
   249 | D:1      | Reached skill level 1 in Necromancy
   346 | D:1      | Gained mutation: You have a tail ending in a sharp stinger.
                  | [demonic ancestry]
   346 | D:1      | Reached XP level 3. HP: 24/27 MP: 6/6
  1257 | D:2      | Noticed Sigmund
  1485 | D:2      | Identified the +7 quarterstaff of Amorality {flame, rN+}
  1501 | D:2      | Gained mutation: A weak demonic guardian rushes to your
                  | aid. [demonic ancestry]
  1501 | D:2      | Reached XP level 4. HP: 20/31 MP: 7/7
  1506 | D:2      | Noticed Robin
  1520 | D:2      | Killed Robin
  1612 | D:2      | Found Cosukas's Vocational Training.
  1668 | D:3      | Found a transporter.
  1671 | D:3      | Noticed Picsou's ghost (amateur MiFi)
  1672 | D:3      | Identified the +9 dire flail of Kathupp {pain, rElec rPois
                  | Dex+3}
  1672 | D:3      | Noticed an ogre
  1677 | D:3      | Found a transporter.
  2161 | D:3      | Reached skill level 3 in Fighting
  2161 | D:3      | Reached skill level 1 in Armour
  2434 | D:4      | Noticed Grinder
  2440 | D:4      | Paralysed by Grinder for 5 turns
  2447 | D:4      | Paralysed by Grinder for 3 turns
  2452 | D:4      | Killed Grinder
  2453 | D:4      | Gained mutation: A demonic guardian rushes to your aid.
                  | [demonic ancestry]
  2453 | D:4      | Reached XP level 5. HP: 12/42 MP: 8/8
  2453 | D:4      | Gained mutation: You have a sharp stinger which inflicts
                  | weakening toxins. [demonic ancestry]
  2453 | D:4      | Reached XP level 6. HP: 14/48 MP: 9/9
  2582 | D:4      | Noticed Duvessa
  2598 | D:4      | Noticed Dowan
  2602 | D:4      | Killed Duvessa
  2603 | D:4      | Reached skill level 4 in Fighting
  2612 | D:4      | Killed Dowan
  2683 | D:4      | Reached XP level 7. HP: 40/55 MP: 10/10
  3502 | D:2      | Killed Sigmund
  3503 | D:2      | Reached skill level 5 in Fighting
  3503 | D:2      | Reached skill level 5 in Necromancy
  3575 | D:5      | Entered Level 5 of the Dungeon
  3780 | D:5      | Gained mutation: You have an unusually large brain. (Int
                  | +2) [demonic ancestry]
  3780 | D:5      | Reached XP level 8. HP: 51/62 MP: 11/11
  3842 | D:5      | Found a runed translucent door.
  3851 | D:5      | Reached skill level 6 in Fighting
  4037 | D:5      | Reached skill level 5 in Armour
  4057 | D:5      | Noticed Menkaure
  4061 | D:5      | Killed Menkaure
  4397 | D:5      | Noticed Subbak's ghost (amateur DsDe)
  4445 | D:5      | Reached skill level 7 in Fighting
  4485 | D:6      | Noticed Jeremiah
  4857 | D:5      | Gained mutation: You have an extremely huge brain. (Int +4)
                  | [demonic ancestry]
  4857 | D:5      | Reached XP level 9. HP: 57/69 MP: 12/12
  4910 | D:6      | Upgraded the game from 0.32-a0-841-g4648e6c457 to
                  | 0.32-a0-871-ge202e49faa
  4963 | D:6      | Found a staircase to the Ecumenical Temple.
  5148 | D:6      | Got the Disquisition on Dark Destruction
  5159 | D:7      | Learned a level 4 spell: Martyr's Knell
  5407 | D:7      | Reached skill level 8 in Fighting
  5427 | D:7      | Reached skill level 1 in Summonings
  5427 | D:7      | Reached skill level 1 in Evocations
  6888 | D:8      | Noticed Maurice
  6899 | D:8      | Killed Maurice
  7058 | D:8      | Reached XP level 10. HP: 72/82 MP: 13/13
  7813 | D:6      | Killed Jeremiah
  7814 | D:6      | Reached skill level 9 in Fighting
  7873 | D:7      | Learned a level 1 spell: Summon Small Mammal
  8214 | D:6      | Found Getsih's Magic Scroll Shop.
  8217 | D:6      | Bought a scroll of identify for 24 gold pieces
  8217 | D:6      | Bought a scroll of identify for 24 gold pieces
  8324 | D:9      | Noticed a two-headed ogre
  8332 | D:9      | Killed a two-headed ogre
  8671 | D:9      | Reached skill level 5 in Summonings
  8950 | D:9      | Noticed Harold
  8961 | D:9      | Killed Harold
  9052 | D:9      | Reached skill level 5 in Long Blades
  9136 | D:9      | Noticed an arcanist
  9152 | D:9      | Killed an arcanist
  9342 | D:9      | Found a shimmering altar of Xom.
  9493 | D:10     | Entered Level 10 of the Dungeon
  9540 | D:10     | Learned a level 3 spell: Call Canine Familiar
  9607 | D:10     | Found a snail-covered altar of Cheibriados.
  9794 | D:10     | Noticed a gargoyle
  9804 | D:10     | Killed a gargoyle
  9987 | Temple   | Entered the Ecumenical Temple
 10029 | Temple   | Became a worshipper of Dithmenos the Shadowed
 10099 | D:10     | Noticed Sonja
 10106 | Abyss:2  | Found a corrupted altar of Lugonu.
 10106 | Abyss:2  | Cast into level 2 of the Abyss (Sonja)
 10187 | Abyss:2  | Noticed a wretched star
 10187 | Abyss:2  | Noticed a sixfirhy
 10192 | Abyss:2  | Noticed a wretched star
 10193 | Abyss:2  | Noticed a sixfirhy
 10193 | Abyss:2  | HP: 1/83 [sixfirhy (10)]
 10193 | Abyss:2  | Slain by an ancient zyme

Illustrated notes

Levels and vault maps discovered:
D:1:      scummos_arrival_gate, layout_loops_ring, chequers_mini_garden,
          minmay_misc_feat_tower
D:2:      layout_loops_ring, nicolae_shop_vocational, uniq_robin, uniq_sigmund
D:3:      layout_basic, gammafunk_ghost_smash
D:4:      layout_basic, uniq_grinder, uniq_duvessa
D:5:      layout_basic, ebering_ghost_reflecting_pool, uniq_menkaure
D:6:      layout_rooms, minmay_temple_entry_mini_moons, serial_shops,
          nicolae_shop_behind_doors, uniq_jeremiah
D:7:      cheibrodos_fzero, layout_basic, hex_intersection
D:8:      layout_loops_corners, due_unseen_surprise, uniq_maurice
D:9:      layout_irregular_city, xom_teletrap_fun, lightli_wizard_tower,
          uniq_harold
D:10:     layout_long_grid, okawaru_trees_2, slow_altar_1, uniq_nergalle,
          uniq_sonja
Temple:   nicolae_temple_bog_church
Abyss:2:  base:
D:10

Skill      XL: |  1  2  3  4  5  6  7  8  9 10 |
---------------+-------------------------------+-----
Dodging        | 2 |  2.2
Necromancy     | 1 3 4 5 |  5.2
Long Blades    | 3 5 |  5.5
Fighting       | 3 4 5 7 8 9 |  9.0
Armour         | 2 3 4 6 7 8 |  8.9
Summonings     | 3 6 |  6.3
Evocations     | 3 4 |  4.0
Spellcasting   | |  2.0
Conjurations   | |  3.0

Action                     |  1- 3 |  4- 6 |  7- 9 | 10-12 || total
---------------------------+-------+-------+-------+-------++-------
  Melee: Falchion          |    95 |       |       |       ||    95
         Tailslap          |     7 |     5 |    24 |    14 ||    50
         Quarterstaff      |     3 |    59 |   239 |    41 ||   342
         Great sword       |       |       |       |    91 ||    91
  Throw: Dart              |       |    10 |    31 |     4 ||    45
         Boomerang         |       |       |    10 |       ||    10
   Cast: Kiss of Death     |     3 |     1 |     2 |       ||     6
         Call Canine Famil |       |       |       |     4 ||     4
         Summon Small Mamm |       |       |       |     1 ||     1
  Evoke: Wand              |       |       |     3 |    13 ||    16
    Use: Scroll            |       |     3 |     1 |    10 ||    14
   Stab: Sleeping          |     1 |       |       |       ||     1
         Paralysed         |       |       |       |    13 ||    13
         Distracted        |       |       |       |     1 ||     1
 Armour: Leather armour    |    40 |       |       |       ||    40
         Ring mail         |    26 |    44 |    52 |    96 ||   218
         Chain mail        |       |       |   188 |    30 ||   218
  Dodge: Dodged            |    45 |    21 |   100 |   101 ||   267
         Repelled          |     1 |     1 |       |       ||     2

Table legend: (Time is in decaauts)
 A = Elapsed time spent in this place.
 B = Non-inter-level travel time spent in this place.
 C = Inter-level travel time spent in this place.
 D = Time resting spent in this place.
 E = Time spent auto-exploring this place.
 F = Levels seen in this place.
 G = Mean time per level.
                   A        B        C        D        E       F      G
               +--------+--------+--------+--------+--------+-----+--------+
         Total |  10368 |   9320 |   1048 |    627 |   6276 |  12 |  864.0 |
       Dungeon |  10225 |   9189 |   1036 |    627 |   6276 |  10 | 1022.5 |
        Temple |     54 |     43 |     11 |      0 |      0 |   1 |   54.0 |
         Abyss |     88 |     88 |      0 |      0 |      0 |   1 |   88.0 |
               +--------+--------+--------+--------+--------+-----+--------+

Top non-repeatable levels by time:
     D:7: 1873 daAuts
     D:5: 1435 daAuts
     D:9: 1264 daAuts
     D:1: 1185 daAuts
     D:8: 1020 daAuts
     D:4: 980 daAuts
     D:2: 784 daAuts
     D:3: 663 daAuts
     D:6: 554 daAuts
    D:10: 463 daAuts
 Abyss:2: 88 daAuts
  Temple: 54 daAuts
